 Dungeon Crawl Stone Soup version 0.28.0 (webtiles) character file.

Game seed: 13445659518942441518

10089 Dorkslayer the Fighter (level 11, -8/115 HPs)
             Began as an Ogre Fighter on May 27, 2022.
             Was an Initiate of Gozag.
             Killed from afar by an acid dragon (23 damage)
             ... with a splash of acid
             ... on level 11 of the Dungeon on May 28, 2022.
             The game lasted 00:53:57 (12466 turns).

Dorkslayer the Fighter (Ogre Fighter)              Turns: 12466, Time: 00:53:57

Health: -8/115     AC:  0    Str: 22    XL:     11   Next: 56%
Magic:  15/15      EV: 10    Int:  9    God:    Gozag
Gold:   1102       SH: 10    Dex: 12    Spells: 16/16 levels left

rFire   . . .      SeeInvis .   i - +4 flail of the Boiling Point {vorpal, *Slow Fly Will+}
rCold   + . .      Faith    .   c - +1 kite shield
rNeg    . . .      Spirit   .   b - +0 robe
rPois   .          Reflect  .   (helmet restricted)
rElec   .          Harm     .   f - +0 cloak
rCorr   .          Rampage  .   (gloves unavailable)
Will    ++...                   (boots unavailable)
Stlth   ++........              (no amulet)
HPRegen 0.29/turn               m - ring of protection from cold
MPRegen 0.14/turn               (no ring)

@: corroded, flying
A: large, unfitting armour, tough skin 1
a: Renounce Religion, Potion Petition, Call Merchant, Bribe Branch


You were on level 11 of the Dungeon.
You worshipped Gozag.
Gozag was most pleased with you.
You visited 3 branches of the dungeon, and saw 13 of its levels.
You also visited: Sewer.

You collected 1186 gold pieces.
You paid 84 gold pieces to Gozag.

Inventory:

Hand Weapons
 a - a +0 war axe of protection
 i - the +4 flail of the Boiling Point (weapon) {vorpal, *Slow Fly Will+}
   (You found it on level 2 of the Dungeon)

   It inflicts extra damage upon your enemies.
   Fly:       It grants you flight.
   *Slow:     It may slow you when you take damage.
   Will:      It increases your willpower.
Missiles
 j - 18 poisoned darts
 s - 3 javelins
 B - 5 datura-tipped darts (quivered)
 D - a throwing net
Armour
 b - a +0 robe (worn)
 c - a +1 kite shield (worn)
 f - a +0 cloak (worn)
Jewellery
 m - a ring of protection from cold (left hand)
Wands
 k - a wand of flame (50)
 q - a wand of acid (1)
 y - a wand of paralysis (11)
Scrolls
 d - 2 scrolls of blinking
 e - 3 scrolls of teleportation
 n - 2 scrolls of fog
 p - a scroll of immolation {unknown}
 r - 2 scrolls of enchant armour
 u - a scroll of brand weapon
 w - a scroll of amnesia {unknown}
 z - 2 scrolls of fear
 E - a scroll of enchant weapon {unknown}
Potions
 g - a potion of attraction
 h - 2 potions of invisibility {unknown}
 l - a potion of degeneration
 t - a potion of brilliance
 v - a potion of resistance
 C - 2 potions of flight


   Skills:
 + Level 9.2 Fighting
 + Level 2.6 Long Blades
 + Level 4.3(7.2) Axes
 + Level 8.2(8.6) Maces & Flails
 + Level 3.5 Throwing
 + Level 3.6 Armour
 + Level 6.3 Dodging
 + Level 3.2 Stealth
 * Level 6.8 Shields
 + Level 3.2 Spellcasting
 + Level 3.4 Invocations
 * Level 6.3 Evocations


You had 16 spell levels left.
You didn't know any spells.
Your spell library contained the following spells:

 Spells                   Type           Power      Damage    Failure   Level
 Animate Skeleton         Necr           2%         N/A       52%         1
 Pain                     Necr           4%         1d4       52%         1
 Summon Small Mammal      Summ           4%         N/A       52%         1
 Corpse Rot               Necr/Air       2%         N/A       67%         2
 Poisonous Vapours        Pois/Air       2%         N/A       67%         2
 Static Discharge         Conj/Air       1%         N/A       67%         2
 Call Canine Familiar     Summ           1%         N/A       88%         3
 Summon Guardian Golem    Hex/Summ       1%         N/A       88%         3
 Vampiric Draining        Necr           1%         2d6       88%         3
 Lightning Bolt           Conj/Air       0%         1d11      100%        5
 Maxwell's Capacitive Co  Air            0%         ∞         100%        8


Dungeon Overview and Level Annotations

Branches:
Dungeon (11/15)            Temple (1/1) D:6            Lair (1/6) D:11
  Sewer (visited)
    Orc: D:9-12

Altars:
Ashenzari
Cheibriados
Dithmenos
Elyvilon
Fedhas
Gozag
Hepliaklqana
Kikubaaqudgha
Makhleb
Nemelex Xobeh
Okawaru
Qazlal
Ru
Sif Muna
Trog
Uskayaw
Vehumet
Wu Jian
Xom
Yredelemnul
Zin
The Shining One

Shops:
D:5 [   D:8 (   D:10 (


Innate Abilities, Weirdness & Mutations

You are too large for most types of armour.
You have tough skin. (AC +1)


Message History

The howler monkey is no longer distracted by gold.
The howler monkey howls!
You sock the howler monkey!
You kill the howler monkey!
You now have 1095 gold pieces (gained 10).
B - 2 datura-tipped darts (gained 1)
B - 3 datura-tipped darts (gained 1)
B - 4 datura-tipped darts (gained 1)
B - 5 datura-tipped darts (gained 1)
You now have 1102 gold pieces (gained 7).
The acid dragon roars!
The acid dragon spits acid at you. You block the splash of acid.
The acid dragon spits acid at you. The splash of acid misses you.
You hit the acid dragon.
The acid dragon is lightly wounded.
The acid dragon spits acid at you. The splash of acid hits you!!
* * * LOW HITPOINT WARNING * * *
The acid corrodes you!
You barely miss the acid dragon.
The acid dragon is lightly wounded.
You block the acid dragon's attack. The acid dragon claws you.
* * * LOW HITPOINT WARNING * * *
You thump the acid dragon!
The acid dragon is heavily wounded.
The acid dragon bites you!
* * * LOW HITPOINT WARNING * * *
The acid dragon claws you.
* * * LOW HITPOINT WARNING * * *
You closely miss the acid dragon.
The acid dragon is heavily wounded.
The acid dragon completely misses you. The acid dragon barely misses you.
You closely miss the acid dragon.
The acid dragon is heavily wounded.
The acid dragon spits acid at you. The splash of acid hits you!!
You die...
Your body crumbles into a pile of gold.

#....##..........
#....###.##...#..
#....# #....#...#
#.D..# #....##..
##.### .# #.# ..#
#.####.###.
#.#........
#####.#@.......
#.....D........
#..............
#..............
#..............
#............##
#.......#.##...
#.......#.# ##.
##........# $


You could see an acid dragon (catching breath).

Vanquished Creatures
  Erolcha (D:11)
  A two-headed ogre (D:9)
  A death yak (D:11)
  A gargoyle (D:7)
  12 yaks
  Eustachio (D:4)
  2 vampire mosquitoes (D:11)
  An acid dragon (D:10)
  2 sky beasts (D:7)
  An ice beast (D:8)
  2 black bears
  3 ogres
  2 necrophages (D:9)
  3 centaurs
  2 kobold brigands (D:10)
  7 bullfrogs
  A gnoll sergeant (D:9)
  Blork the orc (D:5)
  A wyvern zombie (D:6)
  A scorpion (D:4)
  A water moccasin zombie (D:5)
  3 water moccasin skeletons
  9 killer bees
  7 wights
  3 howler monkeys
  2 bullfrog zombies
  6 centaur zombies
  A gnoll shaman (D:7)
  An orc priest (D:9)
  4 hounds
  A human zombie (D:9)
  A centaur skeleton (D:5)
  Jessica (D:3)
  A bullfrog skeleton (D:6)
  An orc wizard (D:10)
  Ijyb (D:3)
  3 iguanas (D:5)
  A hound skeleton (D:4)
  A hound zombie (D:5)
  2 mummies (D:9)
  4 howler monkey zombies
  9 river rats
  17 adders
  9 gnolls
  A shadow imp (D:8)
  2 white imps
  An ufetubus (D:5)
  A dart slug (D:2)
  11 orcs
  20 ball pythons
  3 bats
  10 endoplasms
  3 giant cockroaches
  6 hobgoblins
  2 quokkas
  3 training dummies (D:10)
  10 frilled lizards
  5 goblins (D:4)
  17 kobolds
  37 rats
267 creatures vanquished.

Vanquished Creatures (collateral kills)
  A howler monkey (D:11)
1 creature vanquished.

Vanquished Creatures (others)
  A fungus (Lair:1)
  10 plants
  A withered plant (D:5)
12 creatures vanquished.

Grand Total: 280 creatures vanquished

Notes
Turn   | Place    | Note
-------+----------+-------------------------------------------
     0 | D:1      | Dorkslayer the Ogre Fighter began the quest for the Orb.
     0 | D:1      | Reached XP level 1. HP: 24/24 MP: 1/1
   222 | D:1      | Reached XP level 2. HP: 33/33 MP: 2/2
   910 | D:2      | Reached XP level 3. HP: 34/40 MP: 3/3
  1014 | D:2      | Identified the +4 flail of the Boiling Point {vorpal, *Slow
                  | Fly Will+}
  1566 | D:2      | Reached XP level 4. HP: 49/49 MP: 4/4
  2093 | D:3      | Noticed Jessica
  2098 | D:3      | Killed Jessica
  2099 | D:3      | Reached skill level 1 in Maces & Flails
  2099 | D:3      | Reached XP level 5. HP: 55/55 MP: 5/5
  2431 | D:3      | Noticed Ijyb
  2437 | D:3      | Killed Ijyb
  2438 | D:3      | Reached skill level 5 in Fighting
  2759 | D:4      | Found a broken altar of Ashenzari.
  3175 | D:4      | Reached XP level 6. HP: 53/66 MP: 6/6
  3241 | D:4      | Noticed Eustachio
  3255 | D:4      | Killed Eustachio
  3256 | D:4      | Reached skill level 1 in Evocations
  3345 | D:5      | Entered Level 5 of the Dungeon
  3355 | D:5      | Reached XP level 7. HP: 63/72 MP: 7/7
  3391 | D:5      | Noticed Blork the orc
  3397 | D:5      | Killed Blork the orc
  3417 | D:5      | Found Ycotri Veoh's Armour Shop.
  3762 | D:5      | Reached XP level 8. HP: 69/83 MP: 8/8
  3804 | D:5      | Reached skill level 6 in Fighting
  3804 | D:5      | Reached skill level 5 in Maces & Flails
  4101 | D:5      | Reached skill level 7 in Fighting
  4101 | D:5      | Reached skill level 5 in Dodging
  4101 | D:5      | Reached XP level 9. HP: 93/93 MP: 8/13
  4419 | D:6      | Found a staircase to the Ecumenical Temple.
  4451 | Temple   | Entered the Ecumenical Temple
  4831 | D:6      | Found a glowing drain.
  4835 | Sewer    | Entered a sewer
  5536 | Sewer    | Reached skill level 5 in Evocations
  5774 | D:6      | Reached skill level 5 in Shields
  6024 | D:7      | Found an ornate altar of the Wu Jian Council.
  6033 | D:7      | Found a hazy altar of Hepliaklqana.
  6319 | D:7      | Found an opulent altar of Gozag.
  6332 | D:7      | Became a worshipper of Gozag Ym Sagoz the Greedy
  6413 | D:7      | You are sucked into a shaft and drop 2 floors!
  6433 | D:9      | Reached XP level 10. HP: 17/104 MP: 14/14
  6851 | D:7      | Found a snail-covered altar of Cheibriados.
  6936 | D:7      | Reached skill level 8 in Fighting
  6949 | D:7      | Noticed a gargoyle
  6955 | D:7      | Killed a gargoyle
  7555 | D:8      | Found a shimmering altar of Xom.
  7739 | D:8      | Found Bennexiv's Antique Weapon Emporium.
  8181 | D:10     | Entered Level 10 of the Dungeon
  8692 | D:9      | HP: 1/104 [yak (15)]
  9381 | D:9      | Noticed a two-headed ogre
  9390 | D:9      | Killed a two-headed ogre
  9517 | D:9      | Found an ancient bone altar of Kikubaaqudgha.
  9599 | D:9      | Found a stormy altar of Qazlal.
  9644 | D:9      | Found a sparkling altar of Nemelex Xobeh.
  9758 | D:9      | Found a shimmering blue altar of Sif Muna.
  9965 | D:10     | Reached XP level 11. HP: 44/111 MP: 15/15
 10847 | D:10     | Found a white marble altar of Elyvilon.
 10946 | D:10     | Found a shadowy altar of Dithmenos.
 11664 | D:10     | Found Anwing's Firing Range.
 11954 | D:11     | Noticed Erolcha
 11968 | D:11     | Killed Erolcha
 12022 | D:11     | Noticed a death yak
 12030 | D:11     | Noticed a boulder beetle
 12030 | D:11     | Noticed a death yak
 12034 | D:11     | Found a staircase to the Lair.
 12034 | D:11     | Noticed a death yak
 12040 | Lair:1   | Entered Level 1 of the Lair of Beasts
 12332 | D:11     | Reached skill level 9 in Fighting
 12333 | D:11     | HP: 4/115 [death yak (18)]
 12337 | D:11     | Killed a death yak
 12466 | D:11     | Killed from afar by an acid dragon

Illustrated notes

Levels and vault maps discovered:
D:1:      lemuel_arrival_broad_hall, layout_basic
D:2:      layout_loops_ring
D:3:      layout_basic, minivault_4, minmay_vboxes, uniq_jessica, uniq_ijyb
D:4:      layout_cave_pools, mainiacjoe_overflow_alcove_2, uniq_eustachio
D:5:      layout_cave_pools, serial_shops, nicolae_shop_waterfront,
          serial_undead, serial_undead_b, serial_undead_f, serial_undead_f,
          serial_undead_b, minmay_crystal_room,
          hangedman_abyss_or_decor_stagger, uniq_blork_the_orc
D:6:      layout_basic, temple_pool_b, portal_sewer_entry_e
D:7:      layout_rooms, mainiacjoe_overflow_six_doors_small,
          mainiacjoe_overflow_tiny_flanked, mainiacjoe_overflow_catwalk,
          nicolae_hepliaklqana_hazy_memory
D:8:      layout_basic, xom_teletrap_fun, serial_shops, nicolae_take_the_stairs,
          kennysheep_generic_room_10
D:9:      layout_rooms, mainiacjoe_overflow_alcove_1,
          lemuel_mausoleum_altar_kikubaaqudgha, nemelex_spade_bored_becter,
          lemuel_blue_sif_altar
D:10:     layout_stronghold, elyvilon_altar_3, lemuel_coloured_pillars_altar,
          hellmonk_bongcloud_opening, nicolae_shop_firing_range
D:11:     layout_rooms, dpeg_lair_monsters, uniq_erolcha
Temple:   zaba_magenta_temple
Lair:1:   layout_loops_ring, uniq_erica, uniq_maggie

Skill      XL: |  1  2  3  4  5  6  7  8  9 10 11 |
---------------+----------------------------------+-----
Dodging        | 3 4 5 6 |  6.3
Shields        | 3 4 5 6 |  6.8
Maces & Flails | 1 2 3 4 6 7 8 |  8.2
Fighting       | 5 7 8 9 |  9.2
Evocations     | 1 2 4 5 6 |  6.3
Long Blades    | 2 |  2.6
Axes           | 4 |  4.3
Throwing       | 2 3 |  3.5
Armour         | 3 |  3.6
Stealth        | 2 3 |  3.2
Spellcasting   | 3 |  3.2
Invocations    | 3 |  3.4

Action                   |  1- 3 |  4- 6 |  7- 9 | 10-12 || total
-------------------------+-------+-------+-------+-------++-------
Melee: War axe           |    44 |       |       |       ||    44
       Flail             |    22 |   123 |   292 |   320 ||   757
Throw: Dart              |       |       |     6 |    20 ||    26
       Javelin           |       |       |       |     7 ||     7
Evoke: Wand              |       |       |     3 |    10 ||    13
  Use: Scroll            |     1 |     2 |    11 |     7 ||    21
       Potion            |       |       |     5 |     9 ||    14
 Stab: Sleeping          |       |       |     1 |     7 ||     8
       Distracted        |       |       |     1 |       ||     1
       Paralysed         |       |       |       |     4 ||     4
Armor: Robe              |    22 |    35 |   118 |    77 ||   252
Dodge: Dodged            |    24 |    54 |   208 |   115 ||   401
Block: Kite shield       |    22 |    49 |   187 |   195 ||   453
